 Dungeon Crawl Stone Soup version 0.19.5 (webtiles) character file.

233 Nelagord the Slasher (level 5, -6/42 HPs)
             Began as a Demigod Gladiator on Mar 21, 2017.
             Killed from afar by Blork the orc (9 damage)
             ... with a puff of frost
             ... on level 3 of the Dungeon.
             The game lasted 00:07:14 (3459 turns).

Nelagord the Slasher (Demigod Gladiator)            Turns: 3459, Time: 00:07:14

Health: -6/42      AC:  4    Str: 18    XL:     5   Next: 45%
Magic:  7/7        EV: 14    Int: 12    God:
Gold:   118        SH:  0    Dex: 18    Spells: 0 memorised, 4 levels left

rFire  . . .     SeeInvis .     a - +0 long sword
rCold  . . .     Gourm    .     b - +0 leather armour
rNeg   . . .     Faith    .     (no shield)
rPois  .         Spirit   .     c - +0 helmet
rElec  .         Reflect  .     (no cloak)
rCorr  .         Harm     .     (no gloves)
MR     .....                    (no boots)
Stlth  ++........               (no amulet)
                                (no ring)
                                (no ring)

@: no status effects
A: high mp 1
a: no special abilities


You were on level 3 of the Dungeon.
You were not hungry.

You visited 1 branch of the dungeon, and saw 4 of its levels.

You collected 118 gold pieces.

Inventory:

Hand Weapons
 a - a +0 long sword (weapon)
Missiles
 d - 3 throwing nets (quivered)
Armour
 b - a +0 leather armour (worn)
 c - a +0 helmet (worn)
Jewellery
 e - a +4 ring of strength {unknown}
 i - an uncursed amulet of rage
 q - an uncursed amulet of faith
Scrolls
 n - 2 scrolls of magic mapping
 t - a scroll of teleportation
Potions
 h - a potion of berserk rage
 m - a potion of haste
Comestibles
 f - a bread ration
 k - a fruit
 o - a meat ration
 s - a beef jerky


   Skills:
 + Level 2.3 Fighting
 + Level 4.3 Long Blades
 - Level 1.7 Throwing
 + Level 1.8 Armour
 + Level 3.8 Dodging
 + Level 0.8 Stealth


You had 4 spell levels left.
You didn't know any spells.

Dungeon Overview and Level Annotations

Branches:
Dungeon (4/15)
 Temple: D:4-7

Annotations:
D:3 Blork the orc


Innate Abilities, Weirdness & Mutations

You have an increased reservoir of magic. (+10% MP)


Message History

The orc is heavily wounded.
The orc hits you but does no damage.
You slash something!
Your magical contamination has completely faded away.
You miss something. Something hits you!
You closely miss something. Something hits you!
* * * LOW HITPOINT WARNING * * *
You miss something. Something hits you but does no damage.
You miss something. Something hits you!
* * * LOW HITPOINT WARNING * * *
A jackal comes into view.
The jackal barks!
Something barely misses you.
You climb upwards.
There is a stone staircase leading down here.
You slash something!
You hear some strange, mumbled words.
A puff of frost appears from out of thin air!
The puff of frost hits you!
You die...

#..#.............##
#..#.#..........##
#..#.####.#......##
#..#.##.....#'#...#
#..#.##.#####.#####
#..#...##.........#
#....###.†#######..
##.###_..###_._###.
#@# ###..##...##..
#{# ###.........#
#.# #.####...####
#.####.#.###_##.#
#..........####.#
######..........##
###.######.).
#........##
##########


There were no monsters in sight!

Vanquished Creatures
  An orc wizard (D:4)
  A hound skeleton (D:4)
  7 adders
  3 gnolls (D:2)
  4 oozes
  A worm (D:3)
  A dart slug (D:1)
  4 leopard geckos
  2 orcs (D:4)
  6 giant cockroaches
  10 goblins
  5 hobgoblins
  4 jackals
  A quokka (D:3)
  6 bats
  7 frilled lizards
  7 kobolds
  16 rats
86 creatures vanquished.

Notes
Turn   | Place    | Note
-------+----------+-------------------------------------------
     0 | D:1      | Nelagord the Demigod Gladiator began the quest for the Orb.
     0 | D:1      | Reached XP level 1. HP: 17/17 MP: 3/3
   168 | D:1      | Reached XP level 2. HP: 16/24 MP: 4/4
   172 | D:1      | Reached skill level 3 in Long Blades
   890 | D:1      | Reached XP level 3. HP: 29/29 MP: 5/5
  1111 | D:2      | You fall through a shaft!
  1602 | D:3      | Found a shattered altar of Ashenzari.
  1751 | D:3      | Reached XP level 4. HP: 36/36 MP: 6/6
  1831 | D:3      | Found a glowing golden altar of the Shining One.
  1831 | D:3      | Found a hide-covered altar of Uskayaw.
  1837 | D:3      | Found a faded altar of an unknown god.
  1839 | D:3      | Found a shadowy altar of Dithmenos.
  1840 | D:3      | Found a sparkling altar of Nemelex Xobeh.
  2169 | D:3      | Reached skill level 1 in Armour
  2281 | D:2      | Found a hazy altar of Hepliaklqana.
  2411 | D:2      | Reached skill level 4 in Long Blades
  2808 | D:2      | Found a shimmering altar of Xom.
  2860 | D:2      | Reached XP level 5. HP: 35/41 MP: 7/7
  3440 | D:4      | Noticed Blork the orc
  3456 | D:4      | HP: 2/42 [something (8)]
  3459 | D:3      | Killed from afar by Blork the orc

Skill      XL: |  1  2  3  4 |
---------------+-------------+-----
Dodging        | 3 |  3.8
Long Blades    | 3 4 |  4.3
Fighting       | 2 |  2.3
Armour         | 1 |  1.8
Throwing       | |  1.7
Stealth        | |  0.8

Action                   |  1- 3 |  4- 6 || total
-------------------------+-------+-------++-------
Melee: Long sword        |   124 |   117 ||   241
  Use: Scroll            |     3 |     5 ||     8
       Potion            |     3 |     5 ||     8
 Stab: Sleeping          |     3 |     6 ||     9
       Distracted        |       |     1 ||     1
  Eat: Bread ration      |     1 |     1 ||     2
Armor: Leather armour    |    32 |    32 ||    64
Dodge: Dodged            |    96 |   113 ||   209
       Rpst.: Long sword |    30 |    42 ||    72
